 Dungeon Crawl Stone Soup version 0.14-a0-586-g2535b90 (webtiles) character file.

127 Malachi the Vexing (level 4, -5/36 HPs)
             Began as a Naga Enchanter on Nov 3, 2013.
             Killed from afar by an orc wizard (7 damage)
             ... with a magic dart
             ... on Level 3 of the Dungeon.
             The game lasted 00:02:50 (1530 turns).

Malachi the Vexing (Naga Enchanter)                 Turns: 1530, Time: 00:02:50

HP  -5/36        AC  3     Str 10      XL: 4   Next: 26%
MP   2/7         EV  9     Int 17      God:
Gold 55          SH  6     Dex 11      Spells:  2 memorised,  2 levels left

Res.Fire  : . . .   See Invis. : +   h - +2,+0 elf short sword (speed)
Res.Cold  : . . .   Warding    : .   b - +1 robe
Life Prot.: . . .   Conserve   : .   o - +0 buckler
Res.Poison: +       Res.Corr.  : .   (no helmet)
Res.Elec. : .       Clarity    : .   (no cloak)
Sust.Abil.: . .     Spirit.Shd : .   (no gloves)
Res.Mut.  : .       Stasis     : .   (no barding)
Res.Rott. : .       Flight     : .   (no amulet)
Saprovore : . . .                    (no ring)
                                     (no ring)

@: very slightly contaminated, hasted, quick, slightly resistant to hostile
enchantments, stealthy
A: spit poison, see invisible, deformed body, poison resistance, slowness 2, AC
+1
a: Spit Poison


You were on level 3 of the Dungeon.
You were near starving.

You visited 1 branch of the dungeon, and saw 3 of its levels.

You collected 55 gold pieces.

Inventory:

Hand weapons
 a - a +1,+1 dagger
 h - a +2,+0 elven short sword of speed (weapon)
Missiles
 d - 12 darts (quivered)
Armour
 b - a +1 robe (worn)
 o - a +0 buckler (worn)
Magical devices
 q - a wand of polymorph (19)
Comestibles
 f - 4 bread rations
Scrolls
 e - a scroll of blinking {unknown}
 g - 2 scrolls of remove curse {unknown}
 i - a scroll of identify {unknown}
 k - a scroll of fear {unknown}
 l - a scroll of magic mapping {unknown}
Jewellery
 p - a cursed -2,-2 ring of slaying {unknown}
Books
 c - a book of Maledictions

   Spells                             Type                      Level
   *Corona                            Hexes                        1
   Sure Blade                         Hexes/Charms                 2
   *Ensorcelled Hibernation           Hexes/Ice                    2
   Confuse                            Hexes                        3
   Enslavement                        Hexes                        4
   Invisibility                       Hexes                        6
 m - a book of Summonings

   Spells                             Type                      Level
   Abjuration                         Summoning                    3
   Recall                             Summoning/Translocation      3
   Summon Elemental                   Summoning                    4
   Shadow Creatures                   Summoning                    5
   Summon Demon                       Summoning                    5
   Summon Ugly Thing                  Summoning                    6


   Skills:
 * Level 1.6 Short Blades
 - Level 0.8 Throwing
 - Level 1.5 Dodging
 + Level 3.7 Stealth
 - Level 1.0 Spellcasting
 * Level 4.4 Hexes
 + Level 0.2 Ice Magic


You had 2 spell levels left.
You knew the following spells:

 Your Spells              Type           Power        Failure   Level  Hunger
a - Corona                Hex            ###....      4%          1    ##.....
b - Ensorcelled Hibernat  Hex/Ice        #.....       17%         2    ###....


Dungeon Overview and Level Annotations

Branches:
Dungeon (3/27)

Altars:
Elyvilon

Annotations:
D:2 Sigmund


Innate Abilities, Weirdness & Mutations

You cannot wear boots.
You can spit poison.
Your serpentine skin is tough (AC +1).
You have supernaturally acute eyesight.
Armour fits poorly on your strangely shaped body.
Your system is resistant to poisons.
You cover ground very slowly.


Message History

You are very lightly contaminated with residual magic.
Drink which item? (? for menu, Esc to quit)
You feel better.
It was a potion of curing.
You block the orc wizard's attack.
The orc wizard hits you with an orcish dagger.
* * * LOW HITPOINT WARNING * * *
You barely miss the orc wizard.
The orc wizard is moderately wounded.
The orc wizard casts a spell.
The orc wizard blinks!
Use which ability? (? or * to list)
You can't do that yet.
The orc wizard gestures at you while chanting.
The magic dart hits you!
* * * LOW HITPOINT WARNING * * *
You see here an orc corpse.
You have got your breath back.
You feel yourself speed up. The orc wizard casts a spell at you.
The magic dart hits you!
You die...

# ..#
#.####
#....
#%..
####>.
#....#
#....#
#..@.#
####%#
#)# #.#
#[# #.#
#o#
######.#
#...##.#


You could see an orc wizard.

Vanquished Creatures
  An orc priest (D:3)
  Jessica (D:2)
  A giant mite (D:3)
  A giant gecko (D:1)
  2 orcs (D:3)
  3 bats (D:1)
  A giant cockroach (D:3)
  4 hobgoblins
  2 kobolds
  A ball python (D:2)
  A giant newt (D:1)
  A goblin (D:1)
  3 rats
22 creatures vanquished.

Notes
Turn   | Place    | Note
--------------------------------------------------------------
     0 | D:1      | Malachi, the Naga Enchanter, began the quest for the Orb.
     0 | D:1      | Reached XP level 1. HP: 15/15 MP: 3/3
   213 | D:1      | Reached XP level 2. HP: 10/22 MP: 2/4
   803 | D:2      | Noticed Jessica
   818 | D:2      | Killed Jessica
   818 | D:2      | Reached skill level 4 in Hexes
   818 | D:2      | Reached XP level 3. HP: 25/28 MP: 5/5
   825 | D:2      | Learned a level 2 spell: Ensorcelled Hibernation
   954 | D:2      | Noticed Sigmund
   968 | D:3      | Found a white marble altar of Elyvilon.
  1515 | D:3      | Reached XP level 4. HP: 18/36 MP: 0/7
  1526 | D:3      | HP: 1/36 [orc wizard/orcish dagger (1)]
  1530 | D:3      | Killed from afar by an orc wizard

Action                   |  1- 3 |  4- 6 || total
-------------------------+-------+-------++-------
Melee: Dagger            |    33 |       ||    33
       Short sword       |    58 |    10 ||    68
 Cast: Corona            |     3 |       ||     3
       Ensorcelled Hiber |     5 |       ||     5
 Abil: Spit Poison       |     5 |     1 ||     6
Evoke: Wand              |     1 |       ||     1
  Use: Potion            |     1 |     2 ||     3
 Stab: Sleeping          |     3 |       ||     3
